 Dungeon Crawl Stone Soup version 0.31-a0-859-g9dce7d3444 (webtiles) character file.

Game seed: 10703293570833063313

1197 javelincjr the Sneak (level 8, 0/46 HPs)
             Began as an Octopode Conjurer on Oct 9, 2023.
             Slain by Duvessa
             ... wielding a +0 short sword
              (9 damage)
             ... on level 5 of the Dungeon.
             The game lasted 00:14:43 (3954 turns).

javelincjr the Sneak (Octopode Conjurer)            Turns: 3954, Time: 00:14:44

Health: 0/46       AC:  1    Str:  6    XL:     8   Next: 44%
Magic:  13/15      EV: 14    Int: 22    God:
Gold:   322        SH:  0    Dex: 11    Spells: 12/16 levels left

rFire   . . .        s - staff of conjuration
rCold   . . .        (no shield)
rNeg    . . .        (helmet restricted)
rPois   .            t - amulet of magic regeneration
rElec   .            o - ring of willpower
rCorr   .            (no ring)
SInv    .            (no ring)
Will    +....        (no ring)
Stlth   ++++         (no ring)
HPRegen 0.27/turn    (no ring)
MPRegen 0.54/turn    (no ring)
                     (no ring)

%: no passive effects
@: no status effects
A: almost no armour, amphibious, 8 rings, camouflage 1, gelatinous body 1,
(nimble swimmer 1), tentacles
a: no special abilities


You were on level 5 of the Dungeon.
You visited 1 branch of the dungeon, and saw 5 of its levels.

You collected 322 gold pieces.

Inventory:

Hand Weapons
 j - a +1 dagger of speed
 m - a +1 dagger of protection
 q - a +1 falchion of holy wrath
 z - a +2 short sword of flaming
Missiles
 r - a throwing net
Magical Staves
 s - a staff of conjuration (weapon)
Jewellery
 h - an amulet of reflection
 o - a ring of willpower (left tentacle)
 t - an amulet of magic regeneration (around mantle)
Wands
 v - a wand of mindburst (24)
 x - a wand of polymorph (8)
 A - a wand of flame (22)
 C - a wand of paralysis (6)
Scrolls
 b - 7 scrolls of identify {unknown}
 c - 2 scrolls of noise
 d - 2 scrolls of brand weapon
 e - 3 scrolls of teleportation {unknown}
 g - 3 scrolls of revelation {unknown}
 i - a scroll of immolation {unknown}
 l - a scroll of fear {unknown}
 u - a scroll of enchant weapon {unknown}
 w - a scroll of acquirement {unknown}
 y - a scroll of silence {unknown}
 B - a scroll of poison {unknown}
 E - a scroll of amnesia {unknown}
Potions
 a - a potion of magic
 f - 5 potions of curing {unknown}
 k - a potion of heal wounds {unknown}
 n - a potion of cancellation {unknown}
 p - a potion of mutation {unknown}
 D - a potion of attraction {unknown}


   Skills:
 + Level 2.2 Staves
 + Level 4.5 Dodging
 + Level 6.5 Stealth
 * Level 4.8 Spellcasting
 * Level 6.3 Conjurations
 + Level 2.2 Fire Magic


You had 12 spell levels left.
You knew the following spells:

 Your Spells              Type           Power      Damage    Failure   Level
a - Magic Dart            Conj           100%       1d8       1%          1
b - Searing Ray           Conj           98%        2d8       1%          2
c - Foxfire               Conj/Fire      100%       2x1d9     1%          1

Your spell library contained the following spells:

 Spells                   Type           Power      Damage    Failure   Level
 Dazzling Flash           Conj/Hex       56%        N/A       9%          3
 Fulminant Prism          Conj/Hex       14%        3d8       28%         4
 Iskenderun's Mystic Bla  Conj/Tloc      28%        2d7       28%         4
 Starburst                Conj/Fire      18%        6d7       95%         6
 Plasma Beam              Fire/Air       5%         2x1d15    100%        6


Dungeon Overview and Level Annotations

Branches:
Dungeon (5/15)
 Temple: D:4-7

Altars:
Hepliaklqana
Kikubaaqudgha
Wu Jian
Xom

Shops:
D:1 *   D:4 :

Annotations:
D:5 Dowan, Duvessa


Innate Abilities, Weirdness & Mutations

You cannot wear most types of armour.
You are amphibious.
You can wear up to eight rings at the same time.
Your skin changes colour to match your surroundings (Stealth+).
Your rubbery body absorbs attacks. (AC +1, EV +1)
((You are camouflaged when in or above water. (Stealth+)))
You have tentacles for arms and can constrict up to eight enemies at once.


Message History

Duvessa is heavily wounded.
Dowan casts a spell at you. The puff of flame hits you!
You feel a surge of power!
You conjure some foxfire!
The foxfire hits Duvessa but does no damage.
Duvessa is heavily wounded.
The foxfire hits the hound.
The hound is heavily wounded.
You feel a surge of power!
You conjure some foxfire!
The foxfire hits Duvessa but does no damage.
Duvessa is heavily wounded.
The foxfire hits Duvessa.
Duvessa is heavily wounded.
The hound barely misses you. Duvessa hits you with a +0 short sword.
You feel a surge of power!
You conjure some foxfire!
The foxfire hits Duvessa but does no damage.
Duvessa is heavily wounded.
The foxfire hits Duvessa.
Duvessa is heavily wounded.
The hound closely misses you. Duvessa hits you with a +0 short sword!
The hound bites you.
The foxfire hits Duvessa.
Duvessa is heavily wounded.
The foxfire hits Duvessa but does no damage.
Duvessa is heavily wounded.
The hound attacks as it pursues you! The hound misses you.
Duvessa attacks as she pursues you! Duvessa barely misses you.
As you read the scroll labelled WEUFFUOTUC, it crumbles to dust.
You hear a loud clanging noise!
It was a scroll of noise.
The hound closely misses you. Duvessa hits you with a +0 short sword.
The hound misses you.
As you read the scroll labelled ZOEZ LEADENN, it crumbles to dust.
It is a scroll of brand weapon.
Your +2 short sword of venom is engulfed in flames!
z - a +2 short sword of flaming The hound barely misses you.
Dowan hits you with a +0 dagger.
* * * LOW HITPOINT WARNING * * *
Duvessa gestures with her weapon.
Duvessa hits you with a +0 short sword!
You die...

.....#...#..........###
..#.........)†.......#..
.....#......#.......#..
####..##......##.........
......######..#..........
...#..........#..........
...#..##......†..........
.###..#..........e.#.....
............#...@h..##...
.###.###....#.##.e.......
.#.....#........#......[$
.#.....#.............#...
.†.>.......###.#.?..####.
.#.....#.# ####....
.#.....#.# ......
.###.###.## ........
..........#####..


You could see Duvessa, Dowan and a hound.

Vanquished Creatures
  Grinder (D:3)
  Sigmund (D:4)
  2 ogres
  2 scorpions (D:5)
  3 howler monkeys
  2 hounds
  An orc wizard (D:5)
  5 iguanas
  4 gnolls (D:3)
  10 adders
  2 worms (D:2)
  3 dart slugs (D:2)
  11 orcs
  7 ball pythons
  6 endoplasms
  3 giant cockroaches (D:1)
  4 hobgoblins (D:4)
  A jackal (D:2)
  5 kobolds
  4 quokkas
  7 bats
  3 frilled lizards
  10 goblins
  A rat (D:2)
98 creatures vanquished.

Vanquished Creatures (collateral kills)
  11 foxfires (D:4)
11 creatures vanquished.

Vanquished Creatures (others)
  245 foxfires
245 creatures vanquished.

Grand Total: 354 creatures vanquished

Notes
Turn   | Place    | Note
-------+----------+-------------------------------------------
     0 | D:1      | javelincjr the Octopode Conjurer began the quest for the
                  | Orb.
     0 | D:1      | Reached XP level 1. HP: 11/11 MP: 3/3
    73 | D:1      | Found Xoshruehy's General Store.
   229 | D:1      | Reached XP level 2. HP: 15/17 MP: 1/5
  1181 | D:2      | Reached XP level 3. HP: 21/21 MP: 4/6
  1216 | D:2      | Learned a level 2 spell: Searing Ray
  1529 | D:2      | Reached XP level 4. HP: 26/27 MP: 1/7
  2086 | D:2      | Learned a level 1 spell: Foxfire
  2120 | D:3      | Found a shimmering altar of Xom.
  2237 | D:3      | Reached XP level 5. HP: 31/31 MP: 5/9
  2636 | D:3      | Noticed Grinder
  2646 | D:3      | Paralysed by Grinder for 2 turns
  2652 | D:3      | Killed Grinder
  2653 | D:3      | Reached skill level 5 in Stealth
  2653 | D:3      | Reached skill level 5 in Conjurations
  2653 | D:3      | Reached XP level 6. HP: 28/36 MP: 4/11
  3069 | D:4      | Found Ezof's Book Shop.
  3409 | D:4      | Noticed Sigmund
  3420 | D:4      | Killed Sigmund
  3421 | D:4      | Reached skill level 1 in Staves
  3421 | D:4      | Reached skill level 1 in Fire Magic
  3421 | D:4      | Reached XP level 7. HP: 39/41 MP: 8/13
  3483 | D:4      | Found an ancient bone altar of Kikubaaqudgha.
  3543 | D:4      | Found an ornate altar of the Wu Jian Council.
  3553 | D:4      | Found a hazy altar of Hepliaklqana.
  3661 | D:5      | Entered Level 5 of the Dungeon
  3724 | D:5      | Reached XP level 8. HP: 46/46 MP: 11/14
  3944 | D:5      | Noticed Duvessa
  3945 | D:5      | Noticed Dowan
  3954 | D:5      | Slain by Duvessa

Illustrated notes

Levels and vault maps discovered:
D:1:      sevenhm_arrival_forest_fort_small_6, layout_basic, serial_shops,
          nicolae_shop_rolling_square
D:2:      layout_rooms, minmay_divided_ellipse
D:3:      layout_basic, mainiacjoe_overflow_concentric_impassable,
          minmay_misc_feat_room, dk_noncrumbling_4, uniq_grinder
D:4:      layout_loops_ring, kiku_gazebo_garden_becter,
          amethyst_overflow_temple_binary, serial_shops,
          nicolae_shop_behind_doors, uniq_sigmund
D:5:      layout_cave_pools, lemuel_coloured_pillars_altar, st_stairs_3,
          uniq_duvessa

Skill      XL: |  1  2  3  4  5  6  7  8 |
---------------+-------------------------+-----
Stealth        | 3 4 5 6 |  6.5
Dodging        | 3 4 |  4.5
Spellcasting   | 3 4 |  4.8
Conjurations   | 5 6 |  6.3
Staves         | 1 2 |  2.2
Fire Magic     | 1 2 |  2.2

Action                     |  1- 3 |  4- 6 |  7- 9 || total
---------------------------+-------+-------+-------++-------
  Melee: Unarmed           |     3 |       |       ||     3
         Constrict         |     8 |    17 |     2 ||    27
         Tentacles         |     6 |    15 |     3 ||    24
         Dagger            |    27 |    36 |       ||    63
         Punch             |     1 |       |       ||     1
         Staff             |       |    25 |    10 ||    35
   Cast: Magic Dart        |    66 |    28 |       ||    94
         Foxfire           |       |    55 |    98 ||   153
         Searing Ray       |       |     2 |       ||     2
    Use: Scroll            |       |       |     2 ||     2
   Stab: Sleeping          |       |     5 |       ||     5
 Armour: Skin              |    13 |    27 |     8 ||    48
  Dodge: Dodged            |    15 |    38 |     9 ||    62
  Block: Other             |     6 |     7 |       ||    13

Table legend: (Time is in decaauts)
 A = Elapsed time spent in this place.
 B = Non-inter-level travel time spent in this place.
 C = Inter-level travel time spent in this place.
 D = Time resting spent in this place.
 E = Time spent auto-exploring this place.
 F = Levels seen in this place.
 G = Mean time per level.
                   A        B        C        D        E       F      G
               +--------+--------+--------+--------+--------+-----+--------+
         Total |   3952 |   3830 |    122 |     67 |   3091 |   5 |  790.4 |
       Dungeon |   3952 |   3830 |    122 |     67 |   3091 |   5 |  790.4 |
               +--------+--------+--------+--------+--------+-----+--------+

Top non-repeatable levels by time:
     D:2: 1056 daAuts
     D:1: 1043 daAuts
     D:3: 799 daAuts
     D:4: 759 daAuts
     D:5: 292 daAuts
